 Dungeon Crawl Stone Soup version 0.22.0-5-gf09313c (webtiles) character file.

75 MrElk the Ducker (level 4, 0/23 HPs)
             Began as a Spriggan Gladiator on Aug 13, 2018.
             Slain by Terence
             ... wielding a +0 mace
              (2 damage)
             ... on level 2 of the Dungeon.
             The game lasted 00:07:31 (2871 turns).

MrElk the Ducker (Spriggan Gladiator)               Turns: 2871, Time: 00:07:31

Health: 0/23       AC:  2    Str: 10    XL:     4   Next: 11%
Magic:  5/5        EV: 21    Int:  9    God:
Gold:   97         SH:  0    Dex: 18    Spells: 3/3 levels left

rFire    . . .     SeeInvis +   a - +0 quarterstaff
rCold    . . .     Gourm    .   (shield currently unavailable)
rNeg     . . .     Faith    .   b - +0 robe
rPois    .         Spirit   .   c - +0 hat
rElec    .         Reflect  .   (no cloak)
rCorr    .         Harm     .   (gloves unavailable)
MR       .....                  (boots unavailable)
Stlth    ++........             (no amulet)
HPRegen  0.07/turn              (no ring)
MPRegen  0.09/turn              (no ring)

@: very quick
A: very small, unfitting armour, see invisible, herbivore, speed 3, slow
metabolism 2
a: no special abilities


You were on level 2 of the Dungeon.
You were not hungry.

You visited 1 branch of the dungeon, and saw 2 of its levels.

You collected 97 gold pieces.

Inventory:

Hand Weapons
 a - a +0 quarterstaff (weapon)
 r - a cursed -1 dagger
Missiles
 d - 3 throwing nets
 e - 48 stones (quivered)
 g - 22 arrows
Armour
 b - a +0 robe (worn)
 c - a +0 hat (worn)
Jewellery
 p - an uncursed ring of ice {unknown}
Scrolls
 h - a scroll of remove curse {unknown}
 j - a scroll of teleportation {unknown}
 n - 4 scrolls of enchant armour {unknown}
 q - 2 scrolls of identify {unknown}
Potions
 i - 2 potions of flight {unknown}
 k - a potion of brilliance {unknown}
 l - a potion of lignification {unknown}
 m - a potion of might {unknown}
 o - a potion of invisibility {unknown}
Comestibles
 f - 4 rations


   Skills:
 + Level 2.0 Fighting
 + Level 2.9 Staves
 - Level 2.0 Throwing
 + Level 5.1 Dodging
 * Level 2.6 Stealth


You had 3 spell levels left.
You didn't know any spells.
Your spell library was empty.

Dungeon Overview and Level Annotations

Branches:
Dungeon (2/15)

Altars:

Annotations:
D:2 Terence


Innate Abilities, Weirdness & Mutations

You are very small and have problems with some larger weapons.
You are too small for most types of armour.
You have supernaturally acute eyesight. (SInv)
You are a herbivore.
You cover ground extremely quickly.
You need to consume almost no food.


Message History

You completely miss Terence.
Terence is moderately wounded.
Terence barely misses you.
You sock Terence!
Terence is heavily wounded.
Terence hits you with a mace!
* * * LOW HITPOINT WARNING * * *
You closely miss Terence.
Terence is heavily wounded.
Terence closely misses you.
You hit Terence but do no damage.
Terence is heavily wounded.
Terence misses you.
You barely miss Terence.
Terence is heavily wounded.
Terence barely misses you.
You hit Terence but do no damage.
Terence is heavily wounded.
Terence hits you with a mace.
You die...

#........# #.#.#.#
#........# #.#.#.###
#..[.....###.#.#...#
###...........(#.###.#
#....)........(#<..#.#
#.##...).......#.#.#.#
#.###.#...####(#...#.#
..#...#.#.#
#.#####.############
###.###.#.#
#.@@....#..........#
..[)).#<#.#
####..#.#.#######.##
#.#.#...#.# ###..#.#.#
#.# ..#.###.#.#
#....###.# #.#
#.#.....#.# #.#......#
#.# #########.#
#.######## #.#
..#.......#
#.##############.#
#.#.#######
#................#
#.#.#
##################


You could see Terence.

Vanquished Creatures
  Robin (D:2)
  An ooze (D:2)
  2 dart slugs (D:1)
  A leopard gecko (D:1)
  4 bats
  4 giant cockroaches
  19 goblins
  4 hobgoblins (D:2)
  2 jackals (D:2)
  2 frilled lizards (D:1)
  6 kobolds
  A rat (D:1)
47 creatures vanquished.

Notes
Turn   | Place    | Note
-------+----------+-------------------------------------------
     0 | D:1      | MrElk the Spriggan Gladiator began the quest for the Orb.
     0 | D:1      | Reached XP level 1. HP: 10/10 MP: 2/2
   341 | D:1      | Reached skill level 1 in Stealth
   346 | D:1      | Reached XP level 2. HP: 14/15 MP: 3/3
  1208 | D:2      | Reached XP level 3. HP: 16/18 MP: 4/4
  1231 | D:2      | Reached skill level 5 in Dodging
  1379 | D:2      | Noticed Robin
  2433 | D:2      | Killed Robin
  2532 | D:2      | Reached XP level 4. HP: 20/23 MP: 5/5
  2817 | D:2      | Noticed Terence
  2871 | D:2      | Slain by Terence

Skill      XL: |  1  2  3 |
---------------+----------+-----
Stealth        | 1 2 |  2.6
Dodging        | 5 |  5.1
Fighting       | 2 |  2.0
Staves         | |  2.9
Throwing       | |  2.0

Action                   |  1- 3 |  4- 6 || total
-------------------------+-------+-------++-------
Melee: Quarterstaff      |   125 |    29 ||   154
Throw: Stone             |    63 |    11 ||    74
 Stab: Sleeping          |     1 |     1 ||     2
Armor: Robe              |    12 |     1 ||    13
Dodge: Dodged            |   124 |    26 ||   150
